 Dungeon Crawl Stone Soup version 0.30-a0-339-g89bb51ec76 (webtiles) character file.

Game seed: 15381422799269747579

31 p00ps00p the Trooper (level 3, -5/33 HPs)
             Began as a Hill Orc Fighter on Nov 1, 2022.
             Slain by a gnoll
             ... wielding a +0 whip
              (8 damage)
             ... on level 2 of the Dungeon.
             The game lasted 00:02:11 (829 turns).

p00ps00p the Trooper (Hill Orc Fighter)              Turns: 829, Time: 00:02:12

Health: -5/33      AC:  7    Str: 18    XL:     3   Next: 22%
Magic:  3/3        EV:  9    Int:  8    God:
Gold:   36         SH:  4    Dex: 12    Spells: 2/2 levels left

rFire   . . .      SeeInvis .    a - +0 war axe
rCold   . . .      Faith    .    c - +0 buckler
rNeg    . . .      Spirit   .    b - +0 scale mail
rPois   .          Reflect  .    (no helmet)
rElec   .          Harm     .    (no cloak)
rCorr   +          Rampage  .    (no gloves)
Will    .....                    (no boots)
Stlth   ..........               (no amulet)
HPRegen 0.25/turn                h - ring of resist corrosion
MPRegen 0.08/turn                (no ring)

@: no status effects
A: no striking features
a: no special abilities


You were on level 2 of the Dungeon.
You visited 1 branch of the dungeon, and saw 2 of its levels.

You collected 36 gold pieces.

Inventory:

Hand Weapons
 a - a +0 war axe (weapon)
Armour
 b - a +0 scale mail (worn)
 c - a +0 buckler (worn)
Jewellery
 h - a ring of resist corrosion (left hand)
Scrolls
 e - 2 scrolls of enchant armour {unknown}
 i - a scroll of torment {unknown}
 j - a scroll of immolation {unknown}
 k - a scroll of identify {unknown}
Potions
 d - a potion of might
 f - a potion of magic {unknown}
 g - a potion of cancellation {unknown}


   Skills:
 + Level 4.0 Fighting
 + Level 3.3 Axes
 + Level 3.7 Armour
 + Level 3.6 Shields


You had 2 spell levels left.
You didn't know any spells.
Your spell library contained the following spells:

 Spells                   Type           Power      Damage    Failure   Level
 Frozen Ramparts          Ice            0%         1d1       99%         3
 Ice Form                 Ice/Tmut       0%         N/A       100%        4
 Summon Ice Beast         Ice/Summ       0%         N/A       100%        4


Dungeon Overview and Level Annotations

Branches:
Dungeon (2/15)

Altars:


Message History

A gnoll comes into view. It is wielding a +0 flail.
The gnoll shouts!
A gnoll comes into view. It is wielding a +0 flail.
Found a blue potion.
You barely miss the gnoll. The gnoll hits you with a +0 whip.
You barely miss the gnoll. You hit the gnoll.
The gnoll is moderately wounded.
The gnoll hits you with a +0 flail. The gnoll closely misses you.
You completely miss the gnoll.
The gnoll is moderately wounded.
You completely miss the gnoll. The gnoll barely misses you.
You hit the gnoll.
The gnoll is almost dead.
You barely miss the gnoll. x2; The gnoll closely misses you.
The gnoll hits you but does no damage. x2; The gnoll hits you with a +0 whip.
The gnoll hits you with a +0 flail. The gnoll hits you with a +0 flail!
You slash the gnoll!
You kill the gnoll!
You slash the gnoll! You completely miss the gnoll.
You block the gnoll's attack. x2
Your Fighting skill increases to level 4!
You have reached level 3!
Your experience leads to an increase in your attributes!
Increase (S)trength, (I)ntelligence, or (D)exterity?
You feel agile. x2
You hit the gnoll but do no damage.
The gnoll is heavily wounded.
You hit the gnoll. The gnoll hits you with a +0 flail.
The gnoll closely misses you.
You closely miss the gnoll.
The gnoll is heavily wounded.
You hit the gnoll. The gnoll hits you but does no damage.
The gnoll closely misses you. The gnoll completely misses you.
The gnoll hits you with a +0 flail.
* * * LOW HITPOINT WARNING * * *
The gnoll attacks as you move away! The gnoll hits you with a +0 flail.
* * * LOW HITPOINT WARNING * * *
The gnoll hits you with a +0 whip!
You die...

#.. #.#.#...# #.# #.
#.#.#.### #.# #
#.#.#.# #.# #.
#.#.#.######.# #..
#.#.......##..
.#...##.#.###.######
........#.# #[#
.#+#.)...# #.#
.......g@## #.#
!......g.# #.#
.........# #.#
.####+##.. ..# ####
#.#


You could see 2 gnolls.

Vanquished Creatures
  A gnoll (D:2)
  A dart slug (D:1)
  2 endoplasms (D:1)
  2 giant cockroaches (D:1)
  5 hobgoblins (D:1)
  A quokka (D:1)
  2 bats
  2 frilled lizards (D:1)
  2 kobolds (D:1)
  A rat (D:1)
19 creatures vanquished.

Notes
Turn   | Place    | Note
-------+----------+-------------------------------------------
     0 | D:1      | p00ps00p the Hill Orc Fighter began the quest for the Orb.
     0 | D:1      | Reached XP level 1. HP: 19/19 MP: 1/1
    77 | D:1      | Reached XP level 2. HP: 12/27 MP: 2/2
   827 | D:2      | Reached skill level 4 in Fighting
   827 | D:2      | Reached XP level 3. HP: 15/33 MP: 3/3
   829 | D:2      | Slain by a gnoll

Illustrated notes

Levels and vault maps discovered:
D:1:      scummos_arrival_hexagon, layout_basic
D:2:      layout_basic, supply_closet_lemuel, patterned_corridor

Skill      XL: |  1  2 |
---------------+-------+-----
Axes           | 3 |  3.3
Fighting       | 4 |  4.0
Armour         | |  3.7
Shields        | |  3.6

Action                   || total
-------------------------++-------
Melee: War axe           ||    50
Armor: Scale mail        ||    27
Dodge: Dodged            ||    35
Block: Buckler           ||    10

Table legend: (Time is in decaauts)
 A = Elapsed time spent in this place.
 B = Non-inter-level travel time spent in this place.
 C = Inter-level travel time spent in this place.
 D = Time resting spent in this place.
 E = Time spent auto-exploring this place.
 F = Levels seen in this place.
 G = Mean time per level.
                   A        B        C        D        E       F      G
               +--------+--------+--------+--------+--------+-----+--------+
         Total |    848 |    835 |     13 |     83 |    555 |   2 |  424.0 |
       Dungeon |    848 |    835 |     13 |     83 |    555 |   2 |  424.0 |
               +--------+--------+--------+--------+--------+-----+--------+

Top non-repeatable levels by time:
     D:1: 768 daAuts
     D:2: 79 daAuts
